 Dungeon Crawl Stone Soup version 0.29-a0-474-gdfe5cd140f (webtiles) character file.

Game seed: 16984551448077796244

83019 Pelinal the Earth Mage (level 15, -3/89 HPs)
             Began as a Gargoyle Earth Elementalist on May 23, 2022.
             Was a High Priest of Sif Muna.
             Slain by an alligator simulacrum (13 damage)
             ... in an ice cave.
             The game lasted 01:26:22 (34754 turns).

Pelinal the Earth Mage (GrEE)                      Turns: 34754, Time: 01:26:22

Health: -3/89      AC: 21    Str: 13    XL:     15   Next: 75%
Magic:  22/22      EV: 10    Int: 28    God:    Sif Muna [*****.]
Gold:   1242       SH:  6    Dex: 10    Spells: 13/23 levels left

rFire   . . .      SeeInvis .   b - staff of earth
rCold   + . .      Faith    .   d - +0 buckler
rNeg    + . .      Spirit   .   c - +2 robe {Will+}
rPois   ∞          Reflect  .   p - +2 helmet
rElec   +          Harm     .   r - +1 cloak
rCorr   .          Rampage  .   f - +0 pair of gloves
Will    ++...                   (no boots)
Stlth   ++++......              C - amulet of regeneration
HPRegen 1.04/turn               q - +6 ring of intelligence
MPRegen 0.18/turn               P - ring of protection from cold

@: flying, slowed, constricted, invisible, very slow
A: sickness immunity, AC +11, big wings, negative energy resistance 1,
electricity resistance, torment resistance 1, petrification resistance
a: Renounce Religion, Channel Magic, Forget Spell, Divine Exegesis


You were in an ice cave.
You worshipped Sif Muna.
Sif Muna was extremely pleased with you.
You visited 4 branches of the dungeon, and saw 23 of its levels.
You also visited: Sewer and Ice Cave.

You collected 2235 gold pieces.
You spent 993 gold pieces at shops.

Inventory:

Hand Weapons
 a - a +2 dagger of speed
Missiles
 D - 3 throwing nets
 J - 156 stones
 K - 24 poisoned darts (quivered)
 Q - 4 curare-tipped darts
Armour
 c - a +2 robe of willpower (worn)
 d - a +0 buckler (worn)
 f - a +0 pair of gloves (worn)
 p - a +2 helmet (worn)
 r - a +1 cloak (worn)
Magical Staves
 b - a staff of earth (weapon)
 U - a staff of conjuration
Jewellery
 g - a ring of willpower
 l - a ring of protection from fire
 q - a +6 ring of intelligence (left hand)
 A - a ring of see invisible
 B - a ring of wizardry
 C - an amulet of regeneration (around neck)
 P - a ring of protection from cold (right hand)
 Y - a +4 ring of evasion
Wands
 h - a wand of polymorph (5)
 L - a wand of charming (5)
 S - a wand of digging (2)
 T - a wand of mindburst (4)
Scrolls
 e - 3 scrolls of fog
 j - a scroll of fear
 m - 4 scrolls of amnesia
 o - 4 scrolls of blinking
 s - a scroll of silence
 t - a scroll of enchant armour
 v - 3 scrolls of enchant weapon
 w - 4 scrolls of teleportation
 y - 2 scrolls of vulnerability
 F - 2 scrolls of immolation
Potions
 i - a potion of brilliance {unknown}
 n - 3 potions of cancellation
 u - 4 potions of heal wounds
 x - a potion of lignification {unknown}
 z - 2 potions of might
 E - a potion of experience {unknown}
 G - 6 potions of mutation
 H - 2 potions of berserk rage
 I - 9 potions of curing
 M - a potion of ambrosia
 N - 5 potions of attraction
 O - a potion of resistance {unknown}
 R - 2 potions of haste
 V - 3 potions of magic
 Z - 2 potions of degeneration {unknown}
Miscellaneous
 W - a condenser vane (inert)
 X - a lightning rod (4/4)


   Skills:
 + Level 8.7 Fighting
 - Level 12.0 Staves
 + Level 6.7 Dodging
 - Level 10.2 Stealth
 + Level 8.7 Shields
 + Level 4.7 Spellcasting
 - Level 4.0 Conjurations
 - Level 4.0 Transmutations
 - Level 15.0 Earth Magic
 - Level 9.0 Invocations
 - Level 10.0 Evocations


You had 13 spell levels left.
You knew the following spells:

 Your Spells              Type           Power      Damage    Failure   Level
a - Sandblast             Erth           100%       2d20      1%          1
b - Stone Arrow           Conj/Erth      100%       3d13      1%          3
c - Petrify               Tmut/Erth      74%        N/A       1%          4
A - Passwall              Tmut/Erth      61%        N/A       1%          2

Your spell library contained the following spells:

 Spells                   Type           Power      Damage    Failure   Level
 Beastly Appendage        Tmut           58%        N/A       1%          1
 Wereblood                Tmut           29%        N/A       2%          2
 Shock                    Conj/Air       68%        1d7       3%          1
 Static Discharge         Conj/Air       17%        N/A       5%          2
 Necrotize                Necr           24%        1d5       9%          1
 Conjure Flame            Conj/Fire      17%        6-21      11%         3
 Dazzling Flash           Conj/Hex       34%        N/A       11%         3
 Ignite Poison            Fire/Tmut/Pois 14%        N/A       14%         3
 Mephitic Cloud           Conj/Pois/Air  14%        N/A       14%         3
 Gell's Gravitas          Tloc           6%         N/A       26%         3
 Lesser Beckoning         Tloc           6%         N/A       26%         3
 Ozocubu's Armour         Ice            6%         N/A       26%         3
 Swiftness                Air            6%         N/A       26%         3
 Teleport Other           Tloc           6%         N/A       26%         3
 Hailstorm                Conj/Ice       17%        3d6       36%         4
 Ice Form                 Ice/Tmut       17%        N/A       36%         4
 Iskenderun's Mystic Bla  Conj/Tloc      17%        2d5       36%         4
 Sticky Flame             Conj/Fire      17%        2d4       36%         4
 Airstrike                Air            3%         N/A       63%         4
 Animate Dead             Necr           6%         N/A       63%         4
 Dispel Undead            Necr           6%         3d8       63%         4
 Metabolic Englaciation   Hex/Ice        3%         N/A       93%         5
 Conjure Ball Lightning   Conj/Air       8%         3x3d6     99%         6
 Starburst                Conj/Fire      8%         6d4       99%         6
 Simulacrum               Ice/Necr       3%         N/A       100%        6
 Haunt                    Necr/Summ      3%         N/A       100%        7
 Summon Hydra             Summ           3%         N/A       100%        7
 Discord                  Hex            3%         N/A       100%        8
 Disjunction              Tloc           3%         N/A       100%        8
 Infestation              Necr           3%         N/A       100%        8
 Sublimation of Blood     Necr           Unusable   N/A       N/A         2

Dungeon Overview and Level Annotations

Branches:
Dungeon (14/15)            Temple (1/1) D:7            Lair (6/6) D:10
 Shoals (0/4) Lair:3       Spider (0/4) Lair:4        Slime (0/5) Lair:6
    Orc (2/2) D:9             Elf (0/3) Orc:2        Vaults (0/5) D:13
  Sewer (visited)           IceCv (1/1)

Altars:
Ashenzari
Cheibriados
Dithmenos
Elyvilon
Fedhas
Gozag
Hepliaklqana
Kikubaaqudgha
Makhleb
Nemelex Xobeh
Okawaru
Qazlal
Ru
Sif Muna
Trog
Uskayaw
Vehumet
Wu Jian
Xom
Yredelemnul
Zin
The Shining One
Beogh
Jiyva

Shops:
D:13 (   Orc:2 [*=[

Annotations:
D:6 Dowan, Duvessa
D:9 2 transporters, Kazon's ghost, journeyman VSBe
Lair:6 exclusion: 3 doors


Innate Abilities, Weirdness & Mutations

You are immune to sickness and miasma.
Your stone body is resilient. (AC +11)
You are immune to poison.
Your large and strong wings let you fly.
You resist negative energy. (rN+)
You are resistant to electric shocks. (rElec)
You are resistant to unholy torment.
You are immune to petrification.


Message History

The alligator simulacrum tail-slaps you but does no damage.
The freezing wraith hits you.
* * * LOW HITPOINT WARNING * * *
The freezing wraith freezes you. You resist.
* * * LOW HITPOINT WARNING * * *
The freezing wraith hits you!
* * * LOW HITPOINT WARNING * * *
The freezing wraith drains your vigour!
You feel yourself slow down.
Unknown command.
You feel much better.
The anaconda simulacrum barely misses you.
The anaconda simulacrum constricts you.
The anaconda simulacrum bites you but does no damage.
The anaconda simulacrum constricts you. The freezing wraith closely misses you.
The freezing wraith hits you but does no damage.
You block the alligator simulacrum's attack.
The alligator simulacrum tail-slaps you but does no damage.
The anaconda simulacrum bites you but does no damage.
The anaconda simulacrum constricts you.
* * * LOW HITPOINT WARNING * * *
Casting: Sandblast (safe; 1% risk of failure)
Confirm with . or Enter, or press ? or * to list all spells.
Aiming: Sandblast (safe; 1% risk of failure)
Press: ? - help, Shift-Dir - straight line, f/p - freezing wraith
Aim: a freezing wraith (heavily damaged, 84% to hit)
You feel a surge of power!
The blast of sand hits the freezing wraith.
The freezing wraith is heavily damaged.
J - 156 stones You feel less invigorated.
The anaconda simulacrum completely misses you.
The anaconda simulacrum constricts you. The freezing wraith barely misses you.
The freezing wraith hits you!
* * * LOW HITPOINT WARNING * * *
The freezing wraith drains your vigour!
You feel as though you will be slow longer.
The alligator simulacrum bites you.
* * * LOW HITPOINT WARNING * * *
The alligator simulacrum freezes you! You resist.
You die...

#...#
...##
#...#
##...##
##.....##
#...∩...#
#.......#
##ZWZ..##
##@..##
#####


You could see a freezing wraith, an anaconda simulacrum (can't see you) and an
alligator simulacrum (can't see you).

Vanquished Creatures
  Rupert (Lair:3)
  Gastronok (Lair:2)
  Nessos (Lair:6)
  An ettin (Orc:2)
  A catoblepas (Lair:6)
  3 vault guards (D:13)
  A boulder beetle (D:12)
  2 ogre magi (Orc:2)
  7 hydras
  14 two-headed ogres
  2 death yaks (Lair:2)
  2 orc high priests
  Sonja (D:11)
  A fire crab (Lair:6)
  3 skeletal warriors (D:11)
  2 deep trolls (Orc:2)
  A spriggan simulacrum (D:14)
  Pikel (D:5)
  A lindwurm (Lair:4)
  An orc sorcerer (Orc:1)
  2 ugly things (D:13)
  6 cyclopes
  Maurice (D:11)
  16 elephants
  2 torpor snails
  3 gargoyles
  A merfolk siren (Lair:3)
  A guardian serpent (shapeshifter) (D:14)
  3 black mambas
  12 cane toads
  An unseen horror (D:11)
  4 rime drakes
  3 kobold demonologists (D:9)
  An efreet (D:14)
  11 komodo dragons
  An entropy weaver simulacrum (D:14)
  2 anaconda simulacra
  A troll (shapeshifter) (D:13)
  2 merfolk (Lair:3)
  13 trolls
  A polar bear (Lair:5)
  A dream sheep (Lair:6)
  17 blink frogs
  A ynoxinul (D:9)
  2 shadows
  4 wraiths
  4 wyverns
  74 yaks
  7 humans (D:13)
  Grum (D:9)
  5 basilisks
  3 steam dragons
  2 vampire mosquitoes (D:13)
  Menkaure (D:5)
  2 wargs
  4 acid dragons
  16 water moccasins
  17 orc warriors
  An ice beast (D:7)
  Pargi (Sewer)
  4 black bears
  A sky beast (D:8)
  22 ogres
  11 wolves
  3 centaurs
  3 phantoms
  9 bullfrogs
  Blork the orc (D:4)
  A kobold brigand (D:9)
  3 gnoll sergeants
  2 necrophages
  5 scorpions
  5 deep troll simulacra (D:14)
  10 wights (D:9)
  3 killer bees (D:11)
  3 howler monkeys
  3 electric eels
  A jelly (D:6)
  4 hounds
  12 orc priests
  An iguana (D:4)
  Crazy Yiuf (D:3)
  Natasha (thrice) (D:4)
  23 orc wizards
  7 hell rats (Lair:6)
  Robin (D:3)
  17 gnolls
  10 adders
  2 river rats (D:4)
  A shadow imp (D:7)
  A white imp (D:6)
  3 ufetubi
  4 worms
  4 dart slugs
  100 orcs
  9 ball pythons
  8 bats
  9 endoplasms
  7 giant cockroaches
  18 goblins
  9 hobgoblins
  6 jackals
  12 quokkas
  5 frilled lizards
  13 kobolds
  5 rats
682 creatures vanquished.

Vanquished Creatures (collateral kills)
  An orc warrior (Orc:2)
1 creature vanquished.

Vanquished Creatures (others)
  An orc wizard (D:8)
  2 bushes (Lair:5)
  67 fungi
  81 plants
  3 withered plants (Lair:6)
154 creatures vanquished.

Grand Total: 837 creatures vanquished

Notes
Turn   | Place    | Note
-------+----------+-------------------------------------------
     0 | D:1      | Pelinal the Gargoyle Earth Elementalist began the quest for
                  | the Orb.
     0 | D:1      | Reached XP level 1. HP: 10/10 MP: 3/3
   234 | D:1      | Reached skill level 4 in Earth Magic
   234 | D:1      | Reached XP level 2. HP: 15/15 MP: 0/5
   474 | D:1      | Reached XP level 3. HP: 19/19 MP: 1/6
  1427 | D:2      | Reached skill level 5 in Earth Magic
  1427 | D:2      | Reached XP level 4. HP: 23/24 MP: 4/7
  3179 | D:3      | Found a faded altar of an unknown god.
  3265 | D:3      | Reached XP level 5. HP: 22/28 MP: 8/8
  3351 | D:3      | Learned a level 2 spell: Passwall
  3355 | D:3      | Learned a level 3 spell: Stone Arrow
  3468 | D:3      | Noticed Robin
  3489 | D:3      | Killed Robin
  3775 | D:3      | Reached skill level 6 in Earth Magic
  3961 | D:3      | Found a runed translucent door.
  3962 | D:3      | Noticed Crazy Yiuf
  4127 | D:3      | Killed Crazy Yiuf
  4555 | D:4      | Found a glowing drain.
  4633 | Sewer    | Entered a sewer
  4745 | Sewer    | Noticed Pargi
  4750 | Sewer    | Killed Pargi
  4751 | Sewer    | Reached skill level 7 in Earth Magic
  4751 | Sewer    | Reached XP level 6. HP: 30/32 MP: 6/9
  4928 | D:4      | Noticed Blork the orc
  4931 | D:4      | Killed Blork the orc
  5069 | D:4      | Reached skill level 5 in Stealth
  5374 | D:4      | Found an ornate altar of the Wu Jian Council.
  5383 | D:4      | Reached skill level 8 in Earth Magic
  5383 | D:4      | Reached XP level 7. HP: 36/36 MP: 6/10
  5863 | D:4      | Noticed Natasha
  5866 | D:4      | Killed Natasha
  5959 | D:4      | Noticed Natasha
  5963 | D:4      | Killed Natasha
  5989 | D:4      | Noticed Natasha
  5994 | D:4      | Killed Natasha
  6164 | D:4      | Reached skill level 9 in Earth Magic
  6212 | D:5      | Entered Level 5 of the Dungeon
  6227 | D:5      | Reached XP level 8. HP: 36/41 MP: 9/11
  6326 | D:5      | Noticed Pikel
  6494 | D:5      | Reached skill level 10 in Earth Magic
  6522 | D:5      | Reached skill level 1 in Conjurations
  6534 | D:5      | Noticed Menkaure
  6781 | D:5      | Killed Menkaure
  6862 | D:5      | Killed Pikel
  6863 | D:5      | Reached XP level 9. HP: 28/45 MP: 8/12
  7074 | D:5      | Learned a level 4 spell: Petrify
  7083 | D:5      | Found an ancient bone altar of Kikubaaqudgha.
  7485 | D:6      | Reached skill level 1 in Transmutations
  7546 | D:6      | Noticed Dowan
  7899 | D:6      | Identified 2 scrolls of acquirement
  7899 | D:6      | Acquired a staff of earth
  7901 | D:6      | Acquired the +7 hunting sling of Equilibrium {flame, rF+++
                  | rC+ Will- SInv}
  7959 | D:6      | Noticed Duvessa
  8558 | D:6      | Found a sparkling altar of Nemelex Xobeh.
  9803 | D:7      | Reached skill level 5 in Dodging
  9803 | D:7      | Reached XP level 10. HP: 45/50 MP: 5/13
  9808 | D:7      | Reached skill level 10 in Stealth
 10240 | D:7      | Found a staircase to the Ecumenical Temple.
 10326 | Temple   | Entered the Ecumenical Temple
 10400 | Temple   | Became a worshipper of Elyvilon the Healer
 10729 | D:8      | Found a hide-covered altar of Uskayaw.
 10831 | D:8      | Found a radiant altar of Vehumet.
 10853 | D:8      | Reached skill level 1 in Invocations
 10957 | D:8      | Reached skill level 1 in Staves
 11619 | D:8      | Noticed a two-headed ogre
 11642 | D:8      | Killed a two-headed ogre
 11643 | D:8      | Reached skill level 5 in Invocations
 11787 | D:8      | Reached * piety under Elyvilon
 12096 | D:9      | Found a transporter.
 12114 | D:9      | Noticed Kazon's ghost (journeyman VSBe)
 12154 | D:9      | Reached skill level 5 in Staves
 12154 | D:9      | Reached XP level 11. HP: 49/54 MP: 15/15
 12275 | D:9      | Found a transporter.
 12372 | D:9      | You fall into a shaft and drop 3 floors!
 12553 | D:11     | Reached skill level 1 in Evocations
 12664 | D:10     | Entered Level 10 of the Dungeon
 12672 | D:10     | Got Carel's Catalogue of the Nightingale
 12694 | D:10     | Found a shadowy altar of Dithmenos.
 12698 | D:10     | Found a hazy altar of Hepliaklqana.
 12699 | D:10     | Reached ** piety under Elyvilon
 12841 | D:10     | Noticed a two-headed ogre
 12856 | D:10     | Killed a two-headed ogre
 12953 | D:10     | Found a broken altar of Ashenzari.
 12953 | D:10     | Found a blossoming altar of Fedhas.
 12976 | D:10     | Found a staircase to the Lair.
 13220 | D:9      | Noticed Grum
 14031 | D:9      | Noticed a sixfirhy
 14296 | D:9      | Found a staircase to the Orcish Mines.
 14533 | D:9      | Reached *** piety under Elyvilon
 14541 | D:9      | Found a shimmering blue altar of Sif Muna.
 14584 | D:9      | Got Sif Muna's Almanac of Ghastly Shape Shifting
 14586 | D:9      | Fell from the grace of Elyvilon
 14586 | D:9      | Became a worshipper of Sif Muna the Loreminder
 14593 | D:9      | Found a bloodstained altar of Trog.
 14991 | D:10     | Found a glowing golden altar of the Shining One.
 15312 | Lair:1   | Entered Level 1 of the Lair of Beasts
 15388 | Lair:1   | Reached skill level 5 in Evocations
 15692 | Lair:1   | Reached XP level 12. HP: 58/59 MP: 10/16
 15792 | Lair:1   | Found a gate leading to a gauntlet.
 16231 | Lair:1   | Reached * piety under Sif Muna
 17291 | Lair:2   | Noticed a five-headed hydra
 17671 | Lair:2   | Noticed a death yak
 17707 | Lair:2   | Noticed a death yak
 17714 | Lair:2   | Killed a death yak
 17715 | Lair:2   | Reached skill level 11 in Earth Magic
 17719 | Lair:2   | Killed a death yak
 17720 | Lair:2   | Reached skill level 10 in Staves
 18188 | Lair:2   | Killed a five-headed hydra
 18510 | Lair:2   | Noticed Gastronok
 18558 | Lair:2   | Killed Gastronok
 19011 | Lair:3   | Reached XP level 13. HP: 63/63 MP: 18/18
 19669 | Lair:3   | Found a staircase to the Shoals.
 19922 | Lair:3   | Noticed Rupert
 19933 | Lair:3   | Paralysed by Rupert for 5 turns
 19950 | Lair:3   | Paralysed by Rupert for 3 turns
 19957 | Lair:3   | Killed Rupert
 19958 | Lair:3   | Reached skill level 12 in Earth Magic
 21266 | Lair:4   | Reached ** piety under Sif Muna
 21914 | Lair:4   | Found a hole to the Spider Nest.
 22762 | Lair:5   | Reached skill level 13 in Earth Magic
 23447 | Lair:5   | Gained mutation: Your large and strong wings let you fly.
                  | [Gargoyle growth]
 23447 | Lair:5   | Reached XP level 14. HP: 41/68 MP: 18/20
 24148 | Lair:5   | Reached skill level 10 in Evocations
 24171 | Lair:5   | Reached *** piety under Sif Muna
 24177 | Lair:5   | Reached skill level 1 in Fighting
 24320 | Lair:5   | Reached skill level 1 in Shields
 24395 | Lair:5   | Reached skill level 14 in Earth Magic
 24927 | Lair:6   | Entered Level 6 of the Lair of Beasts
 26438 | Lair:6   | Found a viscous altar of Jiyva.
 26438 | Lair:6   | Found a staircase to the Slime Pits.
 26605 | Lair:6   | Noticed a dire elephant
 26643 | Lair:6   | Noticed Nessos
 26665 | Lair:6   | Killed Nessos
 26982 | D:9      | Killed Grum
 27045 | Orc:1    | Entered Level 1 of the Orcish Mines
 27100 | Orc:1    | Reached **** piety under Sif Muna
 27994 | Orc:1    | Reached skill level 5 in Fighting
 27994 | Orc:1    | Reached skill level 5 in Shields
 28069 | Orc:2    | Entered Level 2 of the Orcish Mines
 28121 | Orc:2    | Reached ***** piety under Sif Muna
 28142 | Orc:2    | Reached skill level 15 in Earth Magic
 28745 | Orc:1    | Reached XP level 15. HP: 84/84 MP: 13/21
 29464 | Orc:2    | Found a staircase to the Elven Halls.
 29720 | Orc:2    | Found Imonn's Antique Armour Shoppe.
 29721 | Orc:2    | Found Dusen's Jewellery Emporium.
 29740 | Orc:2    | Found Muppasis's Assorted Antiques.
 29742 | Orc:2    | Bought a shiny helmet for 262 gold pieces
 29771 | Orc:2    | Found Nimiq's Antique Armour Shoppe.
 29793 | Orc:2    | Bought a ring of see invisible for 210 gold pieces
 29793 | Orc:2    | Bought an amulet of regeneration for 420 gold pieces
 30063 | Orc:2    | Received a gift from Sif Muna
 30697 | D:11     | Noticed Maurice
 30708 | D:11     | Killed Maurice
 30788 | D:11     | Noticed Sonja
 30798 | D:11     | Killed Sonja
 31775 | D:12     | Found a burning altar of Makhleb.
 31775 | D:12     | Noticed a cacodemon
 33642 | D:13     | Found Ogyet's Weapon Boutique.
 33653 | D:13     | Bought 16 stones for 28 gold pieces
 33653 | D:13     | Bought 25 stones for 45 gold pieces
 33653 | D:13     | Bought 16 stones for 28 gold pieces
 34450 | D:13     | Found a gate to the Vaults.
 34604 | D:14     | Identified the +5 hunting sling "Astyidgha" {flame, rElec
                  | rPois rC-}
 34654 | D:14     | Found a frozen archway.
 34739 | IceCv    | Entered an ice cave
 34754 | IceCv    | Slain by an alligator simulacrum

Illustrated notes

Levels and vault maps discovered:
D:1:      dpeg_arrival_prison, layout_basic, chequers_mini_garden,
          minmay_misc_feat_enclosed, hangedman_abyss_or_decor_lesser_grid,
          minivault_24
D:2:      layout_basic
D:3:      layout_loops_ring, serial_forest, infiniplex_forest_lined_room_2,
          infiniplex_forest_lined_2, infiniplex_forest_end_1,
          infiniplex_forest_lined_ring, infiniplex_forest_straight_3,
          infiniplex_forest_clump_diagonal, infiniplex_forest_clump_small,
          infiniplex_forest_fountain, hellmonk_ecumenical_altar_heavens_door,
          serial_park_tiny_2, minmay_unequal, uniq_robin,
          uniq_crazy_yiuf_cottage
D:4:      layout_loops_corners, nicolae_wu_jian_wuxing_cycle,
          gup_sewer_entry_bubbles, uniq_natasha, uniq_blork_the_orc
D:5:      layout_loops_ring, marbit_many_paths, uniq_menkaure, uniq_pikel
D:6:      layout_loops_ring, nemelex_dance_club_becter, uniq_duvessa
D:7:      layout_loops_ring, temple_doors_ab
D:8:      layout_loops_ring, kennysheep_mini, lemuel_crystal_altar
D:9:      layout_roguey, nzn_overflow_gifts_of_might_and_magic,
          hiddenorc1_lemuel, gammafunk_ghost_arena, uniq_grum
D:10:     layout_stronghold, riverfiend_overflow_shadow_ancestor,
          old_standard_altar, gammafunk_temple_overflow_elements,
          david_lair_generic
D:11:     layout_loops_ring, uniq_maurice, uniq_sonja
D:12:     layout_loops_corners, makhleb_altar_promises_db
D:13:     layout_stronghold, ximxim_vaults_locker_room, serial_shops,
          nicolae_shop_statue_plus
D:14:     layout_rooms, serial_shops, kennysheep_little_box,
          portal_ice_cave_entry_ice_simulacra, serial_bayou_pond_a,
          minmay_lindwurm_lava, uniq_louise, uniq_lodul, uniq_jorgrun
Temple:   eino_temple_lava
Lair:1:   layout_regular_city, gauntlet_entry_generic, grunt_megastairs_5
Lair:2:   layout_small_grid, serial_bayou_pond_e, uniq_gastronok
Lair:3:   layout_cave_pods, elwin_shoals_entry_rooms, enter_volcano_4,
          serial_bayou_shore_a, infiniplex_staircase_pool, uniq_rupert
Lair:4:   layout_gridlike, nicolae_spider_entry_non_spiders,
          infiniplex_staircase_pool_2
Lair:5:   layout_loops_ring
Lair:6:   due_jungle_book, layout_layer_cave, dpeg_slime_entry_enclosed_altar,
          grunt_forest_small_clearings, st_stairs_11, uniq_nessos
Orc:1:    layout_diamond_mine, basic_altar, hellmonk_guarded_unrand_dark_maul
Orc:2:    st_orc_open, layout_caves, mines_bat_river
IceCv:    ice_cave_small_necro

Skill      XL: |  1  2  3  4  5  6  7  8  9 10 11 12 13 14 15 |
---------------+----------------------------------------------+-----
Earth Magic    | 4 5 7 8 9 10 11 13 15 | 15.0
Stealth        | 3 4 5 6 8 9 10 | 10.2
Conjurations   | 4 |  4.0
Dodging        | 3 5 6 |  6.7
Transmutations | 3 4 |  4.0
Invocations    | 6 7 9 |  9.0
Staves         | 5 8 10 11 12 | 12.0
Evocations     | 5 7 9 10 | 10.0
Fighting       | 6 8 |  8.7
Shields        | 6 8 |  8.7
Spellcasting   | 4 |  4.7

Action                   |  1- 3 |  4- 6 |  7- 9 | 10-12 | 13-15 || total
-------------------------+-------+-------+-------+-------+-------++-------
Melee: Club              |    27 |       |       |       |       ||    27
       Dagger            |    16 |   298 |    77 |   110 |   294 ||   795
       Short sword       |    11 |       |       |       |       ||    11
       Punch             |     1 |     3 |       |       |       ||     4
       Quarterstaff      |       |       |       |   149 |       ||   149
       Staff             |       |       |       |    70 |   402 ||   472
 Fire: Hunting sling     |       |       |    66 |       |       ||    66
Throw: Dart              |       |       |       |    16 |    14 ||    30
       Throwing net      |       |       |       |       |     1 ||     1
 Cast: Sandblast         |    37 |    58 |    96 |   177 |   144 ||   512
       Stone Arrow       |       |       |    19 |    67 |   287 ||   373
       Petrify           |       |       |       |    36 |   125 ||   161
       Summon Hydra      |       |       |       |       |     1 ||     1
Invok: Channel Magic     |       |       |       |     3 |    19 ||    22
       Divine Exegesis   |       |       |       |       |     1 ||     1
Evoke: Wand              |       |       |     3 |     2 |     9 ||    14
       Condenser vane    |       |       |       |       |     4 ||     4
       Lightning rod     |       |       |       |       |     5 ||     5
  Use: Scroll            |       |     3 |     6 |     6 |    19 ||    34
       Potion            |       |     1 |     1 |     3 |     5 ||    10
 Stab: Sleeping          |     2 |    14 |     7 |    14 |     7 ||    44
       Invisible         |       |     2 |       |       |       ||     2
       Petrified         |       |       |       |    44 |   221 ||   265
       Petrifying        |       |       |       |     4 |    17 ||    21
       Distracted        |       |       |       |       |     3 ||     3
Armor: Robe              |    21 |    88 |    64 |   191 |   283 ||   647
Dodge: Dodged            |    54 |   183 |    75 |   255 |   437 ||  1004
Block: Buckler           |       |       |       |     7 |   109 ||   116

Table legend: (Time is in decaauts)
 A = Elapsed time spent in this place.
 B = Non-inter-level travel time spent in this place.
 C = Inter-level travel time spent in this place.
 D = Time resting spent in this place.
 E = Time spent auto-exploring this place.
 F = Levels seen in this place.
 G = Mean time per level.
                   A        B        C        D        E       F      G
               +--------+--------+--------+--------+--------+-----+--------+
         Total |  34610 |  32381 |   2229 |   7258 |  17663 |  25 | 1384.4 |
       Dungeon |  19471 |  17973 |   1498 |   3131 |  11093 |  14 | 1390.8 |
        Temple |     83 |     71 |     12 |      0 |     67 |   1 |   83.0 |
          Lair |  11395 |  10868 |    527 |   3145 |   5135 |   6 | 1899.2 |
  Orcish Mines |   3428 |   3238 |    190 |    982 |   1315 |   2 | 1714.0 |
         Sewer |    215 |    215 |      0 |      0 |     53 |   1 |  215.0 |
      Ice Cave |     15 |     15 |      0 |      0 |      0 |   1 |   15.0 |
               +--------+--------+--------+--------+--------+-----+--------+

Top non-repeatable levels by time:
  Lair:5: 2081 daAuts
  Lair:4: 2037 daAuts
     D:9: 2009 daAuts
  Lair:3: 2005 daAuts
  Lair:6: 1869 daAuts
     D:3: 1857 daAuts
  Lair:1: 1839 daAuts
   Orc:1: 1808 daAuts
     D:4: 1759 daAuts
    D:13: 1661 daAuts
   Orc:2: 1620 daAuts
  Lair:2: 1563 daAuts
     D:7: 1499 daAuts
     D:1: 1428 daAuts
    D:12: 1401 daAuts
